 Dungeon Crawl Stone Soup version 0.27.1-2-g3b301248ec (webtiles) character file.

Game seed: 14399046401520181580

390 styxcanada the Covert (level 6, 0/32 HPs)
             Began as a Spriggan Brigand on Oct 1, 2021.
             Was an Initiate of Gozag.
             Killed from afar by an orc wizard (14 damage)
             ... with a puff of flame
             ... on level 4 of the Dungeon.
             The game lasted 00:16:38 (3902 turns).

styxcanada the Covert (Spriggan Brigand)            Turns: 3902, Time: 00:16:42

Health: 0/32       AC:  5    Str:  7    XL:     6   Next: 50%
Magic:  10/10      EV: 18    Int: 13    God:    Gozag
Gold:   101        SH:  0    Dex: 18    Spells: 6/10 levels left

rFire    . . .     SeeInvis +   a - +2 dagger
rCold    . . .     Faith    +   (shield restricted)
rNeg     . . .     Spirit   .   f - +2 robe {Will+}
rPois    .         Reflect  .   (helmet restricted)
rElec    .         Harm     .   c - +0 cloak
rCorr    .         Rampage  .   (gloves unavailable)
Will     ++...                  (boots unavailable)
Stlth    ++++......             l - amulet of faith
HPRegen  0.10/turn              h - ring of flight
MPRegen  0.12/turn              (no ring)

@: flying, very quick
A: very small, no large weapons, unfitting armour, see invisible, speed 3
a: Renounce Religion, Potion Petition, Call Merchant, Bribe Branch


You were on level 4 of the Dungeon.
You worshipped Gozag.
Gozag was aware of your devotion.
You visited 2 branches of the dungeon, and saw 5 of its levels.

You collected 160 gold pieces.
You paid 59 gold pieces to Gozag.

Inventory:

Hand Weapons
 a - a +2 dagger (weapon)
 i - a +0 hunting sling
Missiles
 g - 68 stones (quivered)
Armour
 b - a +0 robe
 c - a +0 cloak (worn)
 f - a +2 robe of willpower (worn)
 m - a +0 robe of fire resistance
Jewellery
 e - a ring of protection from fire
 h - a ring of flight (left hand)
 l - an amulet of faith (around neck)
Wands
 j - a wand of mindburst (6)
Scrolls
 k - a scroll of blinking
 o - a scroll of amnesia
Potions
 d - a potion of degeneration {unknown}
 n - a potion of brilliance {unknown}


   Skills:
 * Level 2.5 Fighting
 + Level 3.2 Short Blades
 + Level 2.6 Throwing
 * Level 3.1 Dodging
 * Level 9.0 Stealth
 * Level 2.5 Spellcasting
 * Level 1.0 Hexes


You had 6 spell levels left.
You knew the following spells:

 Your Spells              Type           Power      Damage    Failure   Level
a - Cause Fear            Hex            2%         N/A       83%         4

Your spell library contained the following spells:

 Spells                   Type           Power      Damage    Failure   Level
 Freeze                   Ice            4%         1d3       24%         1
 Pain                     Necr           4%         1d4       24%         1
 Summon Small Mammal      Summ           4%         N/A       24%         1
 Inner Flame              Hex/Fire       3%         N/A       52%         3
 Summon Guardian Golem    Hex/Summ       3%         N/A       52%         3
 Call Canine Familiar     Summ           1%         N/A       58%         3
 Frozen Ramparts          Ice            2%         1d2       58%         3
 Hailstorm                Conj/Ice       1%         3d3       94%         4
 Agony                    Necr           1%         N/A       100%        5
 Excruciating Wounds      Necr           0%         N/A       100%        5
 Iskenderun's Battlesphe  Conj           1%         2d6       100%        5
 Iron Shot                Conj/Erth      0%         9d1       100%        6
 Spellforged Servitor     Conj/Summ      0%         N/A       100%        7
 Discord                  Hex            2%         N/A       100%        8


Dungeon Overview and Level Annotations

Branches:
Dungeon (4/15)             Temple (1/1) D:4

Altars:
Ashenzari
Elyvilon
Gozag
Wu Jian


Innate Abilities, Weirdness & Mutations

You are very small and have problems with some larger weapons.
You are too small for most types of armour.
You have supernaturally acute eyesight. (SInv)
You cover ground extremely quickly. (Speed+++)


Message History

You completely miss the orc wizard. You closely miss the orc wizard.
The orc hits you with a +0 whip. The orc wizard completely misses you.
You hit the orc wizard.
The orc wizard is lightly wounded.
The orc misses you.
The orc wizard hits you but does no damage.
You hit the orc wizard.
The orc wizard is moderately wounded.
The orc completely misses you. The orc wizard completely misses you.
You closely miss the orc wizard.
The orc wizard is moderately wounded.
The orc misses you.
The orc wizard hits you with a +0 dagger.
You closely miss the orc wizard.
The orc wizard is moderately wounded.
The orc misses you.
The orc wizard hits you but does no damage.
You hit the orc wizard but do no damage.
The orc wizard is moderately wounded.
The orc hits you but does no damage.
The orc wizard hits you but does no damage.
You hit the orc wizard but do no damage.
The orc wizard is moderately wounded.
The orc misses you.
You hit the orc wizard but do no damage.
The orc wizard is moderately wounded.
The orc wizard barely misses you.
You hit the orc wizard but do no damage.
The orc wizard is moderately wounded.
The orc hits you but does no damage.
The orc wizard gestures at you while chanting.
The magic dart hits you.
You closely miss the orc wizard.
The orc wizard is moderately wounded.
The orc hits you with a +0 whip.
The orc wizard points at you and mumbles some strange words.
The puff of flame hits you!
You die...
Your body crumbles into a pile of gold.

#..8$>.8....o........
#...⌠.⌠..o#...#(.####
#..8.8.8....#.#.##
##...(....###>..#
###.#.##.###.#.#
#..$##.......#
###.#######.## #oo.#
.... #@### ...?.# #.#
#.....# #.# #.....#
#....# #.....# ####.#
####### #


You could see an orc wizard and an orc.

Vanquished Creatures
  Sigmund (D:3)
  An orc priest (D:3)
  Terence (D:2)
  2 orc wizards (D:3)
  3 gnolls (D:4)
  2 adders
  2 adder skeletons (D:4)
  A worm (D:2)
  10 orcs
  4 endoplasms
  2 giant cockroaches
  4 goblins
  9 hobgoblins
  4 kobolds
  A quokka (D:3)
  4 ball pythons
  5 bats
  2 frilled lizards
  3 rats
61 creatures vanquished.

Notes
Turn   | Place    | Note
-------+----------+-------------------------------------------
     0 | D:1      | styxcanada the Spriggan Brigand began the quest for the
                  | Orb.
     0 | D:1      | Reached XP level 1. HP: 10/10 MP: 2/2
   364 | D:1      | Reached skill level 6 in Stealth
   746 | D:1      | Reached XP level 2. HP: 13/15 MP: 3/3
  1146 | D:2      | Found a faded altar of an unknown god.
  1794 | D:2      | Noticed Terence
  1817 | D:2      | Killed Terence
  1818 | D:2      | Reached skill level 7 in Stealth
  1818 | D:2      | Reached skill level 1 in Spellcasting
  1818 | D:2      | Reached XP level 3. HP: 18/18 MP: 5/5
  1941 | D:2      | You fall into a shaft and drop 1 floor!
  1941 | D:3      | Noticed Sigmund
  1942 | D:3      | Killed Sigmund
  1943 | D:3      | Reached skill level 8 in Stealth
  1943 | D:3      | Reached XP level 4. HP: 23/23 MP: 5/8
  1943 | D:3      | Reached XP level 5. HP: 27/27 MP: 5/9
  1985 | D:3      | Learned a level 4 spell: Cause Fear
  2643 | D:2      | Reached XP level 6. HP: 32/32 MP: 10/10
  3794 | D:4      | Reached skill level 9 in Stealth
  3794 | D:4      | Reached skill level 1 in Hexes
  3822 | D:4      | Found a staircase to the Ecumenical Temple.
  3833 | Temple   | Entered the Ecumenical Temple
  3848 | Temple   | Became a worshipper of Gozag Ym Sagoz the Greedy
  3902 | D:4      | Killed from afar by an orc wizard

Illustrated notes

Levels and vault maps discovered:
D:1:      nicolae_arrival_memento_mori, layout_basic
D:2:      layout_basic, shapermc_ecumenical_altar_venn, uniq_terence
D:3:      layout_basic, minmay_misc_feat_doors, uniq_sigmund
D:4:      layout_loops_cross, minmay_temple_entry_statues_fountains, uniq_pikel
Temple:   jpeg_temple_clearing

Skill      XL: |  1  2  3  4  5  6 |
---------------+-------------------+-----
Stealth        | 6 7 8 9 |  9.0
Fighting       | 2 |  2.5
Dodging        | 2 3 |  3.1
Spellcasting   | 1 2 |  2.5
Short Blades   | 3 |  3.2
Hexes          | 1 |  1.0
Throwing       | |  2.6

Action                   |  1- 3 |  4- 6 || total
-------------------------+-------+-------++-------
Melee: Dagger            |    50 |   146 ||   196
Throw: Dart              |    13 |    35 ||    48
       Stone             |       |     3 ||     3
  Use: Scroll            |     6 |       ||     6
 Stab: Sleeping          |     8 |     6 ||    14
Armor: Robe              |     8 |    23 ||    31
Dodge: Dodged            |    28 |    89 ||   117
